 Dungeon Crawl Stone Soup version 0.30-a0-4-ga7cffc901d (webtiles) character file.

Game seed: 6847632008288692969

297 ytrimaz the Chopper (level 6, -7/49 HPs)
             Began as a Demonspawn Fighter on Aug 22, 2022.
             Mangled by Pikel
             ... wielding a +0 whip of electrocution
              (17 damage)
             ... on level 4 of the Dungeon.
             The game lasted 00:03:01 (3262 turns).

ytrimaz the Chopper (Demonspawn Fighter)            Turns: 3262, Time: 00:03:02

Health: -7/49      AC: 12    Str: 19    XL:     6   Next: 12%
Magic:  6/6        EV:  9    Int:  7    God:
Gold:   123        SH:  4    Dex: 12    Spells: 5/5 levels left

rFire   . . .      SeeInvis .    a - +0 war axe (elec)
rCold   + . .      Faith    .    c - +0 buckler
rNeg    . . .      Spirit   .    b - +0 scale mail
rPois   .          Reflect  .    (no helmet)
rElec   .          Harm     .    (no cloak)
rCorr   .          Rampage  .    (no gloves)
Will    +....                    (no boots)
Stlth   ..........               (no amulet)
HPRegen 0.16/turn                g - ring of protection from cold
MPRegen 0.20/turn                (no ring)

@: mighty, sanguine armoured
A: foul stench 1, magic regeneration, sanguine armour 1, dopey 1, strong-willed
1
a: no special abilities


You were on level 4 of the Dungeon.
You visited 1 branch of the dungeon, and saw 4 of its levels.

You collected 123 gold pieces.

Inventory:

Hand Weapons
 a - a +0 war axe of electrocution (weapon)
Armour
 b - a +0 scale mail (worn)
 c - a +0 buckler (worn)
Jewellery
 g - a ring of protection from cold (left hand)
Scrolls
 h - a scroll of enchant weapon
 i - a scroll of poison
Potions
 f - a potion of mutation
 j - a potion of lignification
 k - a potion of curing {unknown}


   Skills:
 + Level 4.4 Fighting
 + Level 5.0 Axes
 - Level 2.6 Armour
 - Level 2.6 Shields


You had 5 spell levels left.
You didn't know any spells.
Your spell library contained the following spells:

 Spells                   Type           Power      Damage    Failure   Level
 Dazzling Flash           Conj/Hex       0%         N/A       99%         3
 Ozocubu's Armour         Ice            0%         N/A       99%         3
 Agony                    Necr           0%         N/A       100%        5
 Silence                  Hex/Air        0%         N/A       100%        5
 Ozocubu's Refrigeration  Ice            0%         4d7       100%        7


Dungeon Overview and Level Annotations

Branches:
Dungeon (4/15)
 Temple: D:4-7

Altars:

Shops:
D:2 :

Annotations:
D:4 Pikel


Innate Abilities, Weirdness & Mutations

You may rarely emit foul miasma when damaged in melee.
You regenerate magic rapidly.
When seriously injured, your blood forms armour. (AC +6)
You are dopey. (Int -2)
You are strong-willed. (Will+)


Message History

Your blood congeals into armour.
Pikel barely misses you.
Unknown command.
You barely miss Pikel. Pikel hits you but does no damage.
An iguana comes into view.
You closely miss Pikel.
The iguana hisses angrily.
Pikel barely misses you.
Unknown command.
You barely miss Pikel.
Pikel hits you with a +0 whip of electrocution.
Pikel hits you but does no damage.
Unknown command.
You hit Pikel but do no damage. Lightning courses through Pikel!
Pikel is moderately wounded.
Pikel hits you with a +0 whip of electrocution.
You are electrocuted!
* * * LOW HITPOINT WARNING * * *
You barely miss Pikel.
Pikel is moderately wounded.
Pikel hits you with a +0 whip of electrocution.
* * * LOW HITPOINT WARNING * * *
You are electrocuted!
* * * LOW HITPOINT WARNING * * *
Unknown command.
Unknown command.
It was a potion of heal wounds.
You feel much better. Pikel closely misses you.
You feel very mighty all of a sudden. Pikel barely misses you.
Unknown command.
You hit Pikel. Lightning courses through Pikel!
Pikel is severely wounded.
Pikel hits you with a +0 whip of electrocution.
You are electrocuted!
You hit Pikel.
Pikel is severely wounded.
Pikel hits you but does no damage.
Pikel hits you with a +0 whip of electrocution.
* * * LOW HITPOINT WARNING * * *
You are electrocuted!
You die...

#
#################
#................
#.#####.#########
### #.# #)# #...
.... #.# #.# #.##
..... #.# #.#
###.##
.....5##.###
#.####.....
....55K@...#
#..........
....l5####.#
#.........# .....
#.###..###.#..
....
#..........#. ###
#..##..###.#
#......#
#.........
##..#.#### #..#.#


You could see Pikel, 4 lemures and an iguana.

Vanquished Creatures
  An ice beast (D:4)
  A necrophage (D:4)
  A jelly (D:4)
  7 adders
  5 orcs (D:3)
  2 endoplasms
  2 giant cockroaches
  4 goblins
  2 hobgoblins
  6 kobolds
  3 quokkas
  10 ball pythons
  5 bats
  A frilled lizard (D:2)
  3 rats
53 creatures vanquished.

Notes
Turn   | Place    | Note
-------+----------+-------------------------------------------
     0 | D:1      | ytrimaz the Demonspawn Fighter began the quest for the Orb.
     0 | D:1      | Reached XP level 1. HP: 18/18 MP: 1/1
   396 | D:1      | Reached skill level 2 in Axes
   703 | D:1      | Gained mutation: When seriously injured, your blood forms
                  | armour. (AC +6) [demonic ancestry]
   703 | D:1      | Reached XP level 2. HP: 24/24 MP: 2/2
  1049 | D:2      | Reached XP level 3. HP: 28/30 MP: 3/3
  1498 | D:2      | Found Mibb's Book Emporium.
  1537 | D:2      | Gained mutation: You are dopey. (Int -2) [potion of
                  | mutation]
  1537 | D:2      | Gained mutation: You are strong-willed. (Will+) [potion of
                  | mutation]
  1706 | D:2      | Reached skill level 3 in Axes
  1968 | D:3      | Reached XP level 4. HP: 32/37 MP: 4/4
  2469 | D:3      | Found a faded altar of an unknown god.
  2908 | D:4      | Noticed a necrophage
  2916 | D:4      | Killed a necrophage
  2917 | D:4      | Reached skill level 4 in Axes
  2917 | D:4      | Gained mutation: You may rarely emit foul miasma when
                  | damaged in melee. [demonic ancestry]
  2917 | D:4      | Reached XP level 5. HP: 40/42 MP: 5/5
  3025 | D:4      | Noticed an ice beast
  3037 | D:4      | Killed an ice beast
  3038 | D:4      | Reached skill level 5 in Axes
  3038 | D:4      | Gained mutation: You regenerate magic rapidly. [demonic
                  | ancestry]
  3038 | D:4      | Reached XP level 6. HP: 17/49 MP: 6/6
  3244 | D:4      | Noticed Pikel
  3262 | D:4      | Mangled by Pikel

Illustrated notes

Levels and vault maps discovered:
D:1:      lightli_arrival_noodles, layout_loops_cross,
          dreamdust_mushroom_princess, grunt_decor_junction,
          nicolae_concentric_dashed_squares_wild
D:2:      layout_basic, serial_shops, shop
D:3:      layout_basic, nicolae_ecumenical_oubliette
D:4:      cheibrodos_quashed, layout_loops_ring, hangedman_ru_absence,
          minmay_temple_entry_nine_rooms, uniq_pikel

Skill      XL: |  1  2  3  4  5 |
---------------+----------------+-----
Axes           | 2 3 4 5 |  5.0
Fighting       | 4 |  4.4
Armour         | |  2.6
Shields        | |  2.6

Action                   |  1- 3 |  4- 6 || total
-------------------------+-------+-------++-------
Melee: War axe           |    80 |    89 ||   169
  Use: Scroll            |     3 |     3 ||     6
       Potion            |     1 |     2 ||     3
Armor: Scale mail        |    49 |    35 ||    84
Dodge: Dodged            |    25 |    45 ||    70
Block: Buckler           |    24 |    22 ||    46

Table legend: (Time is in decaauts)
 A = Elapsed time spent in this place.
 B = Non-inter-level travel time spent in this place.
 C = Inter-level travel time spent in this place.
 D = Time resting spent in this place.
 E = Time spent auto-exploring this place.
 F = Levels seen in this place.
 G = Mean time per level.
                   A        B        C        D        E       F      G
               +--------+--------+--------+--------+--------+-----+--------+
         Total |   3326 |   3291 |     35 |      0 |   2810 |   4 |  831.5 |
       Dungeon |   3326 |   3291 |     35 |      0 |   2810 |   4 |  831.5 |
               +--------+--------+--------+--------+--------+-----+--------+

Top non-repeatable levels by time:
     D:2: 1241 daAuts
     D:3: 966 daAuts
     D:1: 751 daAuts
     D:4: 367 daAuts
